 Dungeon Crawl Stone Soup version 0.26-a0-639-g72c4674 (webtiles) character file.

Game seed: 2933593464802967296

331 royokou the Firebug (level 6, -5/32 HPs)
             Began as a Gargoyle Fire Elementalist on Sept 15, 2020.
             Slain by a wight
             ... wielding a +0 dire flail
              (9 damage)
             ... on level 3 of the Dungeon.
             The game lasted 00:11:41 (4222 turns).

royokou the Firebug (Gargoyle Fire Elementalist)    Turns: 4222, Time: 00:11:42

Health: -5/32      AC:  7    Str: 12    XL:     6   Next: 52%
Magic:  0/9        EV: 12    Int: 17    God:
Gold:   245        SH:  0    Dex: 10    Spells: 5/9 levels left

rFire    . . .     SeeInvis .   o - +1 dagger (holy)
rCold    . . .     Faith    .   (no shield)
rNeg     + . .     Spirit   .   h - +0 robe
rPois    ∞         Reflect  .   (no helmet)
rElec    +         Harm     .   d - +0 cloak
rCorr    .         Rampage  .   (no gloves)
MR       .....                  (no boots)
Stlth    ++........             r - amulet of regeneration
HPRegen  0.50/turn              (no ring)
MPRegen  0.11/turn              (no ring)

@: no status effects
A: negative energy resistance 1, electricity resistance, unbreathing,
petrification resistance, rot immunity, AC +4
a: no special abilities


You were on level 3 of the Dungeon.
You visited 1 branch of the dungeon, and saw 4 of its levels.

You collected 245 gold pieces.

Inventory:

Hand Weapons
 e - a +0 scimitar
 o - a +1 dagger of holy wrath (weapon)
Armour
 a - a +0 robe
 d - a +0 cloak (worn)
 h - a +0 robe (worn)
 l - a +0 kite shield
Jewellery
 r - an amulet of regeneration (around neck)
Scrolls
 f - 4 scrolls of identify {unknown}
 i - 5 scrolls of teleportation {unknown}
 j - 5 scrolls of remove curse {unknown}
 m - 2 scrolls of immolation {unknown}
 p - a scroll of enchant armour {unknown}
 q - a scroll of random uselessness {unknown}
 t - a scroll of magic mapping {unknown}
 u - a scroll of blinking {unknown}
 v - a scroll of amnesia {unknown}
Potions
 b - 3 potions of curing {unknown}
 c - a potion of invisibility {unknown}
 g - 5 potions of mutation {unknown}
 k - 2 potions of haste {unknown}
 n - 3 potions of might {unknown}
 s - a potion of heal wounds {unknown}


   Skills:
 - Level 1.7 Dodging
 - Level 2.4 Stealth
 - Level 2.1 Spellcasting
 + Level 4.8 Conjurations
 + Level 5.3 Fire Magic


You had 5 spell levels left.
You knew the following spells:

 Your Spells              Type           Power        Failure   Level
a - Foxfire               Conj/Fire      ###.         2%          1
b - Conjure Flame         Conj/Fire      ###.....     7%          3

Your spell library contained the following spells:

 Spells                   Type           Power        Failure   Level
 Inner Flame              Hex/Fire       ##......     19%         3
 Stone Arrow              Conj/Erth      ##....       22%         3
 Sticky Flame             Conj/Fire      ###.....     24%         4
 Fireball                 Conj/Fire      ###.......   54%         5
 Ice Form                 Ice/Tmut       #.......     88%         4
 Leda's Liquefaction      Hex/Erth       #.........   88%         4
 Shatter                  Erth           #.........   100%        9


Dungeon Overview and Level Annotations

Branches:
Dungeon (4/15)
 Temple: D:4-7

Altars:


Innate Abilities, Weirdness & Mutations

You are resistant to torment.
Your stone body is resilient. (AC +4)
You are immune to poison.
You resist negative energy. (rN+)
You are resistant to electric shocks. (rElec)
You can survive without breathing.
You are immune to petrification.
You are immune to rotting.


Message History

The iguana is lightly wounded.
The wight hits you but does no damage. The iguana bites you!
* * * LOW HITPOINT WARNING * * *
Casting: Foxfire (safe; 2% risk of failure)
Confirm with . or Enter, or press ? or * to list all spells.
Okay, then.
Casting: Foxfire (safe; 2% risk of failure)
Confirm with . or Enter, or press ? or * to list all spells.
Nothing appears to happen.
The wight closely misses you. The iguana closely misses you.
Casting: Foxfire (safe; 2% risk of failure)
Confirm with . or Enter, or press ? or * to list all spells.
You don't have enough magic to cast that spell.
Casting: Foxfire (safe; 2% risk of failure)
Confirm with . or Enter, or press ? or * to list all spells.
You don't have enough magic to cast that spell.
You hit the wight but do no damage.
The wight is heavily damaged.
The wight hits you with a +0 dire flail!
You die...

..## #.......# #..#
#.#...#.######## ##.#
#...#.#........##
.#.########...######..######
.........###.## ##......#
....####......# ##†....#
...........##.# #†....#
....#####..##.########.....#
...............z@l.........#
######################.....#
#.....# #.....# #######


You could see an iguana and a wight.

Vanquished Creatures
  An ogre (D:4)
  Blork the orc (D:4)
  11 adders
  A worm (D:1)
  4 dart slugs
  2 leopard geckos
  An orc (D:3)
  4 giant cockroaches
  7 goblins
  6 hobgoblins
  10 jackals
  2 quokkas
  A ball python (D:2)
  7 bats
  3 frilled lizards (D:2)
  10 kobolds
  A rat (D:3)
72 creatures vanquished.

Vanquished Creatures (others)
  117 foxfires
117 creatures vanquished.

Grand Total: 189 creatures vanquished

Notes
Turn   | Place    | Note
-------+----------+-------------------------------------------
     0 | D:1      | royokou the Gargoyle Fire Elementalist began the quest for
                  | the Orb.
     0 | D:1      | Reached XP level 1. HP: 10/10 MP: 3/3
   466 | D:1      | Reached XP level 2. HP: 10/15 MP: 0/5
  1267 | D:1      | Reached XP level 3. HP: 19/19 MP: 6/6
  2119 | D:2      | Reached XP level 4. HP: 21/24 MP: 0/7
  2378 | D:2      | Reached skill level 4 in Fire Magic
  2691 | D:3      | Reached XP level 5. HP: 24/28 MP: 3/8
  2847 | D:2      | Learned a level 3 spell: Conjure Flame
  3560 | D:4      | Identified the Catalogue of Shifting Clay
  3795 | D:4      | Noticed an ogre
  3802 | D:4      | Killed an ogre
  3802 | D:4      | Reached skill level 5 in Fire Magic
  3802 | D:4      | Reached XP level 6. HP: 8/32 MP: 3/9
  4100 | D:4      | Noticed Blork the orc
  4108 | D:4      | Killed Blork the orc
  4222 | D:3      | Slain by a wight

Illustrated notes

Levels and vault maps discovered:
D:1:      matt_arrival_spirals, layout_basic
D:2:      layout_basic
D:3:      layout_rooms
D:4:      layout_gridville, uniq_blork_the_orc

Skill      XL: |  1  2  3  4  5 |
---------------+----------------+-----
Conjurations   | 2 3 4 |  4.8
Fire Magic     | 4 5 |  5.3
Dodging        | |  1.7
Stealth        | |  2.4
Spellcasting   | |  2.1

Action                   |  1- 3 |  4- 6 || total
-------------------------+-------+-------++-------
Melee: Dagger            |    86 |   208 ||   294
       Unarmed           |     5 |       ||     5
 Cast: Foxfire           |    34 |    39 ||    73
 Stab: Sleeping          |     4 |     3 ||     7
Armor: Robe              |    47 |   109 ||   156
Dodge: Dodged            |    89 |   191 ||   280

Table legend: (Time is in decaauts)
 A = Elapsed time spent in this place.
 B = Non-inter-level travel time spent in this place.
 C = Inter-level travel time spent in this place.
 D = Time resting spent in this place.
 E = Time spent auto-exploring this place.
 F = Levels seen in this place.
 G = Mean time per level.
                   A        B        C        D        E       F      G
               +--------+--------+--------+--------+--------+-----+--------+
         Total |   4223 |   4165 |     58 |    742 |   2624 |   4 | 1055.8 |
       Dungeon |   4223 |   4165 |     58 |    742 |   2624 |   4 | 1055.8 |
               +--------+--------+--------+--------+--------+-----+--------+

Top non-repeatable levels by time:
     D:1: 1674 daAuts
     D:2: 1112 daAuts
     D:4: 813 daAuts
     D:3: 622 daAuts
